Arrhythmia, neutral female human Tourist --------- --------- --------- --------- --------- |.......| |.......| |.......| |.{.....| #-@!?%)@*| |......>| #-.......| |.......-# |.......| ###|."++/%!| |.......| ###|.......| |.......|#####........| # |.*%+=[)| |.......| # |.......| |.......| |.......|### |.!%?%+%| |.......-### |........#####-.......| |........# |.m="!(+| -------|- --------- ------.-- --------- --------- ## ### # # #### ## ---|----- |..<....| |.......| |.......| ## |.......| # |........#### --------- Arrhythmia the Sightseer Experience level: 5 Strength: 9 Dexterity: 14 Constitution: 18 Intelligence: 12 Wisdom: 7 Charisma: 15 Health: 0(47) Energy: 19(19) AC: 10 Gold: 967 Moves: 1897 Your Inventory: Coins $ - 967 gold pieces Weapons a - 21 blessed +2 darts (in quiver) s - an [uncursed +0] dagger (weapon in hand) G - an [uncursed +0] sling Armor l - an uncursed +0 Hawaiian shirt (being worn) Comestibles b - an uncursed cram ration c - 7 uncursed food rations d - an uncursed tripe ration e - an uncursed lembas wafer h - an uncursed [stale] egg Scrolls j - 4 uncursed scrolls of magic mapping k - a blessed scroll of magic mapping o - an [uncursed] scroll labeled PHOL ENDE WODAN [of taming] t - a [cursed] scroll labeled FOOBIE BLETCH [of destroy armor] w - a [cursed] scroll labeled GARVEN DEH [of identify] C - an [uncursed] scroll labeled SODALG [of scare monster] D - an [uncursed] scroll labeled FOOBIE BLETCH [of destroy armor] Potions i - 3 uncursed potions of extra healing p - an [uncursed] amber potion [of see invisible] q - an [uncursed] emerald potion [of hallucination] y - an [uncursed] white potion [of restore ability] A - an [uncursed] clear potion [of water] E - a [blessed] gooey potion [of gain energy] Tools m - an uncursed expensive camera (0:77) n - an uncursed credit card B - an [uncursed wax] candle Spells known in the end: Name Level Category Fail Memory Your skills at the end: Fighting Skills Weapon Skills dart [Basic / Expert] Spellcasting Skills Final Attributes: You were devoutly aligned. Hunger level was 205. Your alignment was 16 / 19. Monster difficulty range was 0 - 4. Level difficulty was 4. Your luck was zero. You are dead. Vanquished creatures: a small mimic a kitten a homunculus a giant bat a werejackal 2 iguanas 2 hobbits a giant rat 3 geckos 4 jackals 2 foxes 4 grid bugs a lichen 2 newts 26 creatures vanquished. Voluntary challenges: You were an atheist. You used a wielded weapon 82 times. You read items or engraved 79 times. You put on armor 1 time. You never genocided any monsters. You never polymorphed an object. You never changed form. You used no wishes. You wrote Elbereth's name 21 times. You never encountered a bones level. You never used any Sokoban shortcuts. Dungeon overview: The Dungeons of Doom: levels 1 to 4 Level 1 a long staircase Level 3 a fountain Level 4 <- You were here a general store, a fountain History has recorded: On T:1 you entered the Dungeons of Doom to retrieve the Amulet of Yendor! On T:356 you reached level 2 of The Dungeons of Doom. On T:567 you advanced to experience level 2. On T:761 you advanced to experience level 3. On T:904 you reached level 3 of The Dungeons of Doom. On T:1104 you advanced to experience level 4. On T:1519 you reached level 4 of The Dungeons of Doom. On T:1818 you advanced to experience level 5. Latest messages: You add "Elbereth" with your fingers to the writing in the dust. (5x) [HP+1=6] You add "Elbereth" with your fingers to the writing in the dust. (7x) The small mimic mimics a chicken for a moment! [HP+1=7] You add "Elbereth" with your fingers to the writing in the dust. You hit the small mimic. You miss the small mimic. You hit the small mimic. You add "Elbereth" with your fingers to the writing in the dust. (3x) [HP+1=8] You add "Elbereth" with your fingers to the writing in the dust. (7x) [HP+1=9] You add "Elbereth" with your fingers to the writing in the dust. (2x) The small mimic hits! [HP-8=1] You see here an iron ring (177 zorkmids). You see here a scroll labeled EIRIS SAZUN IDISI (141 zorkmids). You see here a copper ring (266 zorkmids). You see here a clove of garlic (9 zorkmids). [HP+1=2] The dart misses Tuktoyaktuk. You are hit by a dart. You die... Tuktoyaktuk gratefully inherits all your possessions. Final status: Aloha Arrhythmia the Tourist... You died in The Dungeons of Doom on dungeon level 4 with 1398 points, and 967 pieces of gold, after 1897 moves. You were level 5 with a maximum of 47 hit points when you died.